 Dungeon Crawl Stone Soup version 0.27.1-1-g398f81649c (webtiles) character file.

Game seed: 14602047133660739166

39 loralnil the Insei (level 3, -1/18 HPs)
             Began as a Vine Stalker Transmuter on Sept 15, 2021.
             Slain by an adder (2 damage)
             ... on level 2 of the Dungeon.
             The game lasted 00:02:20 (1391 turns).

loralnil the Insei (Vine Stalker Transmuter)        Turns: 1391, Time: 00:02:21

Health: -1/18      AC:  2    Str: 12    XL:     3   Next: 45%
Magic:  0/7        EV: 12    Int: 13    God:
Gold:   72         SH:  0    Dex: 15    Spells: 1/7 levels left

rFire    . . .     SeeInvis .     - Unarmed
rCold    + . .     Faith    .   (no shield)
rNeg     . . .     Spirit   +   a - +0 robe
rPois    .         Reflect  .   (helmet currently unavailable)
rElec    .         Harm     .   (no cloak)
rCorr    .         Rampage  .   (no gloves)
Will     .....                  (boots currently unavailable)
Stlth    +.........             (no amulet)
HPRegen  0.06/turn              c - ring of protection from cold
MPRegen  0.10/turn              (no ring)

@: lethally poisoned (-1 -> -10), appendages (expiring)
A: horns 2, talons 2, fangs 2, magic shield, antimagic bite, no potion heal 2
a: End Transformation


You were on level 2 of the Dungeon.
You had temporarily grown beastly horns and talons.
You visited 1 branch of the dungeon, and saw 2 of its levels.

You collected 72 gold pieces.

Inventory:

Armour
 a - a +0 robe (worn)
 b - a +0 helmet (melded)
Jewellery
 c - a ring of protection from cold (left hand)
Scrolls
 d - a scroll of identify {unknown}
 e - a scroll of amnesia {unknown}
 g - a scroll of teleportation {unknown}
 i - a scroll of fog {unknown}
Potions
 f - a potion of curing {unknown}
 h - a potion of flight {unknown}
 j - 2 potions of heal wounds {unknown}


   Skills:
 - Level 1.0 Fighting
 + Level 1.9 Dodging
 * Level 3.5 Unarmed Combat
 + Level 2.5 Spellcasting
 + Level 2.4 Transmutations
 + Level 0.4 Poison Magic


You had one spell level left.
You knew the following spells:

 Your Spells              Type           Power      Damage    Failure   Level
a - Beastly Appendage     Tmut           14%        N/A       9%          1
b - Wereblood             Tmut           7%         N/A       14%         2
c - Spider Form           Tmut/Pois      2%         N/A       38%         3

Your spell library contained the following spells:

 Spells                   Type           Power      Damage    Failure   Level
 Frozen Ramparts          Ice            2%         1d2       58%         3
 Ozocubu's Armour         Ice            1%         N/A       58%         3
 Ice Form                 Ice/Tmut       4%         N/A       82%         4
 Summon Ice Beast         Ice/Summ       1%         N/A       94%         4
 Ozocubu's Refrigeration  Ice            0%         4d5       100%        7


Dungeon Overview and Level Annotations

Branches:
Dungeon (2/15)

Altars:


Innate Abilities, Weirdness & Mutations

You have temporarily grown beastly horns and talons.
You have extremely sharp teeth.
When hurt, damage is shared between your health and your magic reserves.
Your bite disrupts and absorbs the magic of your enemies.
Potions cannot restore your health.


Message History

You closely miss the adder. Your kick misses the adder. You punch the adder.
You bite the adder, but do no damage.
The adder is lightly wounded.
The adder barely misses you.
You barely miss the adder. Your kick misses the adder.
Your bite misses the adder.
The adder is lightly wounded.
The adder closely misses you.
You miss the adder. Your bite misses the adder.
The adder is lightly wounded.
The adder bites you. The adder misses you.
You barely miss the adder. You bite the adder. You drain its power.
You feel invigorated.
The adder is lightly wounded.
Your transformation is almost over.
The adder bites you.
You are poisoned.
The adder poisons you!
You barely miss the adder. Your kick misses the adder.
You bite the adder, but do no damage.
The adder is lightly wounded.
You feel sick. The adder bites you.
You barely miss the adder. Your headbutt misses the adder.
Your bite misses the adder.
The adder is lightly wounded.
You feel sick. The adder bites you but does no damage.
You barely miss the adder. Your kick misses the adder.
Your bite misses the adder.
The adder is lightly wounded.
You feel sick. The adder bites you.
* * * LOW HITPOINT WARNING * * *
You are lethally poisoned!
The adder poisons you!
You hit the adder. You claw the adder.
The adder is almost dead.
* * * LOW HITPOINT WARNING * * *
You feel sick. The adder bites you.
* * * LOW HITPOINT WARNING * * *
The adder bites you.
You die...

#.#^# #..# #....
#.##.#.# #..# #..## #
#.##.#.# #..# #..##
#.#.##.#.# #..# #....
#.#.##.#.###..# #..##
#.............###..##
###.##...............
#.##...###.......##
#$@S....##.#.##..##
#...........##.#.##....
#.>.####.........>..###
##.# #######.#.##.#..
#. #.#.##.#.# #
#.#.##.#.# #.#.##....
#....... ######.#


You could see an adder.

Vanquished Creatures
  An adder (D:2)
  4 ball pythons (D:1)
  2 endoplasms (D:1)
  2 giant cockroaches (D:1)
  5 hobgoblins
  A quokka (D:1)
  3 bats
  2 frilled lizards (D:1)
  3 goblins (D:1)
  A kobold (D:2)
  5 rats (D:1)
29 creatures vanquished.

Notes
Turn   | Place    | Note
-------+----------+-------------------------------------------
     0 | D:1      | loralnil the Vine Stalker Transmuter began the quest for
                  | the Orb.
     0 | D:1      | Reached XP level 1. HP: 9/9 MP: 4/4
    26 | D:1      | Reached skill level 1 in Fighting
   187 | D:1      | Reached XP level 2. HP: 14/14 MP: 4/6
   641 | D:1      | Reached XP level 3. HP: 18/18 MP: 4/7
   644 | D:1      | Learned a level 2 spell: Wereblood
   648 | D:1      | Learned a level 3 spell: Spider Form
  1391 | D:2      | Slain by an adder

Illustrated notes

Levels and vault maps discovered:
D:1:      onia_arrival_handbag, layout_basic, fountainhead, st_stairs_8
D:2:      layout_loops_ring, minivault_24, uniq_jessica, uniq_natasha

Skill      XL: |  1 |
---------------+----+-----
Fighting       | 1 |  1.0
Dodging        | |  1.9
Unarmed Combat | |  3.5
Spellcasting   | |  2.5
Transmutations | |  2.4
Poison Magic   | |  0.4

Action                   || total
-------------------------++-------
Melee: Unarmed           ||    71
       Kick              ||    13
       Bite              ||    11
       Headbutt          ||     2
       Punch             ||     1
 Cast: Beastly Appendage ||    21
 Stab: Sleeping          ||     2
Armor: Robe              ||     9
Dodge: Dodged            ||    43
